 Dungeon Crawl Stone Soup version 0.29-a0-200-gc7997b95f3 (webtiles) character file.

Game seed: 4410945688897556423

212 Aksej the Shooter (level 5, 0/27 HPs)
             Began as a Spriggan Hunter on Feb 23, 2022.
             Was an Initiate of Qazlal.
             Slain by Crazy Yiuf
             ... wielding a +2 quarterstaff of chaos
              (13 damage)
             ... on level 4 of the Dungeon.
             The game lasted 00:09:05 (3741 turns).

Aksej the Shooter (Spriggan Hunter)                 Turns: 3741, Time: 00:09:06

Health: 0/27       AC:  3    Str:  8    XL:     5   Next: 58%
Magic:  6/6        EV: 18    Int: 18    God:    Qazlal [......]
Gold:   312        SH:  0    Dex: 18    Spells: 4/4 levels left

rFire   + . .      SeeInvis +   a - +3 shortbow
rCold   . . .      Faith    .   (shield currently unavailable)
rNeg    . . .      Spirit   .   b - +0 robe
rPois   .          Reflect  .   o - +1 hat {Stlth+}
rElec   .          Harm     .   (no cloak)
rCorr   .          Rampage  .   (gloves unavailable)
Will    .....                   (boots unavailable)
Stlth   ++++......              (no amulet)
HPRegen 0.09/turn               i - ring of protection from fire
MPRegen 0.10/turn               n - +6 ring of intelligence

@: very quick
A: very small, no large weapons, unfitting armour, see invisible, speed 3
a: Renounce Religion


You were on level 4 of the Dungeon.
You worshipped Qazlal.
Qazlal was noncommittal.
You visited 2 branches of the dungeon, and saw 5 of its levels.

You collected 312 gold pieces.

Inventory:

Hand Weapons
 a - a +3 shortbow (weapon)
Missiles
 f - 2 throwing nets (quivered)
Armour
 b - a +0 robe (worn)
 o - a +1 hat of stealth (worn)
Jewellery
 i - a ring of protection from fire (left hand)
 n - a +6 ring of intelligence (right hand)
Wands
 c - a wand of iceblast (10)
Scrolls
 q - a scroll of fear {unknown}
Potions
 d - a potion of haste
 g - a potion of brilliance {unknown}
 j - a potion of might {unknown}
 k - a potion of resistance {unknown}
 l - a potion of invisibility {unknown}
 m - a potion of mutation {unknown}


   Skills:
 * Level 2.7 Fighting
 + Level 7.0 Bows
 + Level 2.9 Dodging
 * Level 3.8 Stealth


You had 4 spell levels left.
You didn't know any spells.
Your spell library contained the following spells:

 Spells                   Type           Power      Damage    Failure   Level
 Summon Small Mammal      Summ           0%         N/A       22%         1
 Call Canine Familiar     Summ           0%         N/A       54%         3
 Summon Guardian Golem    Hex/Summ       0%         N/A       54%         3


Dungeon Overview and Level Annotations

Branches:
Dungeon (4/15)             Temple (1/1) D:4

Altars:
Ashenzari
Elyvilon
Fedhas
Gozag
Hepliaklqana
Kikubaaqudgha
Nemelex Xobeh
Okawaru
Qazlal
Ru
Sif Muna
Trog
Uskayaw
Yredelemnul
Zin
The Shining One

Annotations:
D:4 Crazy Yiuf


Innate Abilities, Weirdness & Mutations

You are very small and have problems with some larger weapons.
You are too small for most types of armour.
You have supernaturally acute eyesight. (SInv)
You cover ground extremely quickly. (Speed+++)


Message History

Crazy Yiuf is moderately wounded.
Shoot: a) +3 shortbow
Press: ? - help, Shift-Dir - straight line, f/p - Crazy Yiuf
Aim: Crazy Yiuf, wielding a +2 quarterstaff of chaos and wearing a +0 cloak (moderately wounded, 71% to hit)
You shoot an arrow. The arrow hits Crazy Yiuf.
Crazy Yiuf is heavily wounded.
Crazy Yiuf drinks a potion.
Crazy Yiuf is healed!
Shoot: a) +3 shortbow
Press: ? - help, Shift-Dir - straight line, f/p - Crazy Yiuf
Aim: Crazy Yiuf, wielding a +2 quarterstaff of chaos and wearing a +0 cloak (71% to hit)
You shoot an arrow. The arrow hits Crazy Yiuf!
Crazy Yiuf is heavily wounded.
Shoot: a) +3 shortbow
Press: ? - help, Shift-Dir - straight line, f/p - Crazy Yiuf
Aim: Crazy Yiuf, wielding a +2 quarterstaff of chaos and wearing a +0 cloak (heavily wounded, 71% to hit)
You shoot an arrow. The arrow barely misses Crazy Yiuf.
Crazy Yiuf hits you with a +2 quarterstaff of chaos.
Shoot: a) +3 shortbow
Press: ? - help, Shift-Dir - straight line, f/p - Crazy Yiuf
Aim: Crazy Yiuf, wielding a +2 quarterstaff of chaos and wearing a +0 cloak (heavily wounded, 71% to hit)
You shoot an arrow. The arrow barely misses Crazy Yiuf.
Shoot: a) +3 shortbow
Press: ? - help, Shift-Dir - straight line, f/p - Crazy Yiuf
Aim: Crazy Yiuf, wielding a +2 quarterstaff of chaos and wearing a +0 cloak (heavily wounded, 71% to hit)
You shoot an arrow. The arrow barely misses Crazy Yiuf.
Crazy Yiuf hits you with a +2 quarterstaff of chaos!
Crazy Yiuf freezes you.
Shoot: a) +3 shortbow
Press: ? - help, Shift-Dir - straight line, f/p - Crazy Yiuf
Aim: Crazy Yiuf, wielding a +2 quarterstaff of chaos and wearing a +0 cloak (heavily wounded, 71% to hit)
You shoot an arrow. The arrow barely misses Crazy Yiuf.
Crazy Yiuf cries, "Hah tired toodlewoodle!"
Shoot: a) +3 shortbow
Press: ? - help, Shift-Dir - straight line, f/p - Crazy Yiuf
Aim: Crazy Yiuf, wielding a +2 quarterstaff of chaos and wearing a +0 cloak (heavily wounded, 71% to hit)
You shoot an arrow. The arrow hits Crazy Yiuf.
Crazy Yiuf is severely wounded.
Crazy Yiuf yells, "Hack snail shrimp!"
Crazy Yiuf hits you with a +2 quarterstaff of chaos!
You die...

#.#...# #.)......#
#.###[# ####.#####
## ### #.#
######.#######
#............. ###
♣♣###.############
#)..#♣♣ ♣♣..#..#
#...'.♣♣♣♣......#
#...#♣..♣.g@...##
### ♣♣♣.♣...###
♣♣♣♣♣## ## #.
##########.
#..........
#.#########


You could see Crazy Yiuf.

Vanquished Creatures
  A scorpion (D:4)
  A bullfrog skeleton (D:4)
  An orc priest (D:4)
  2 adders
  2 worms
  A dart slug (D:1)
  3 orcs (D:3)
  4 ball pythons
  4 bats
  7 endoplasms
  4 giant cockroaches
  5 goblins
  4 hobgoblins
  3 quokkas
  5 frilled lizards
  12 kobolds
  5 rats
64 creatures vanquished.

Notes
Turn   | Place    | Note
-------+----------+-------------------------------------------
     0 | D:1      | Aksej the Spriggan Hunter began the quest for the Orb.
     0 | D:1      | Reached XP level 1. HP: 10/10 MP: 2/2
   199 | D:1      | Reached skill level 5 in Bows
   223 | D:1      | Reached XP level 2. HP: 15/15 MP: 3/3
   708 | D:1      | Reached XP level 3. HP: 18/18 MP: 4/4
  1689 | D:2      | Found a faded altar of an unknown god.
  2151 | D:3      | Reached skill level 6 in Bows
  2199 | D:3      | Reached XP level 4. HP: 23/23 MP: 5/5
  3043 | D:4      | Identified the +9 flail "Dioblied" {vamp, Str-2 Int+7}
  3081 | D:4      | Found a staircase to the Ecumenical Temple.
  3091 | D:4      | Reached XP level 5. HP: 18/27 MP: 6/6
  3099 | Temple   | Entered the Ecumenical Temple
  3446 | Temple   | Became a worshipper of Qazlal Stormbringer
  3538 | D:4      | Identified a scroll of acquirement
  3538 | D:4      | Acquired a +1 hat of stealth
  3649 | D:4      | HP: 1/27 [scorpion (7)]
  3686 | D:4      | Reached skill level 7 in Bows
  3723 | D:4      | Found a runed translucent door.
  3724 | D:4      | Noticed Crazy Yiuf
  3741 | D:4      | Slain by Crazy Yiuf

Illustrated notes

Levels and vault maps discovered:
D:1:      dpeg_arrival_oval, layout_loops_ring, minmay_pentomino_r4
D:2:      minmay_wonky_spiral, layout_basic, hellmonk_ecumenical_altar_lost_god
D:3:      layout_loops_corners
D:4:      layout_loops_corners, minmay_temple_entry_proselytizer,
          uniq_crazy_yiuf_cottage, uniq_robin
Temple:   mainiacjoe_temple_big_plus

Skill      XL: |  1  2  3  4  5 |
---------------+----------------+-----
Bows           | 5 6 7 |  7.0
Stealth        | 2 3 |  3.8
Fighting       | 2 |  2.7
Dodging        | |  2.9

Action                   |  1- 3 |  4- 6 || total
-------------------------+-------+-------++-------
 Fire: Shortbow          |   112 |    61 ||   173
  Use: Scroll            |     8 |     3 ||    11
       Potion            |       |     3 ||     3
Armor: Robe              |     6 |     2 ||     8
Dodge: Dodged            |    21 |    17 ||    38

Table legend: (Time is in decaauts)
 A = Elapsed time spent in this place.
 B = Non-inter-level travel time spent in this place.
 C = Inter-level travel time spent in this place.
 D = Time resting spent in this place.
 E = Time spent auto-exploring this place.
 F = Levels seen in this place.
 G = Mean time per level.
                   A        B        C        D        E       F      G
               +--------+--------+--------+--------+--------+-----+--------+
         Total |   2692 |   2610 |     82 |     23 |   2214 |   5 |  538.4 |
       Dungeon |   2419 |   2355 |     64 |     23 |   1967 |   4 |  604.8 |
        Temple |    272 |    255 |     17 |      0 |    246 |   1 |  272.0 |
               +--------+--------+--------+--------+--------+-----+--------+

Top non-repeatable levels by time:
     D:2: 802 daAuts
     D:1: 706 daAuts
     D:3: 631 daAuts
     D:4: 278 daAuts
  Temple: 272 daAuts
